Cogmind - Beta 11 *** ADVENTURER MODE // 2022.03.21 @ 23:00:09 Player: Ms Vella Result: Destroyed by H-61 Shepherd with Heavy Assault Cannon Performance ------------- Evolutions (3) 1500 Regions Visited (6) 1200 Robots Destroyed (60) 300 Value Destroyed (2418) 2418 Prototype IDs (3) 60 Alien Tech Used (0) 0 Bonus (300) 300 TOTAL SCORE: 5778 Bonus ------- Aligned with FarCom 300 Cogmind --------- Core Integrity 0/700 Matter 146/300 Energy 87/100 System Corruption 5% Temperature Cool (0) Movement Walking (190) Ox1 Location -7/Factory Parts ------- > --- POWER (2) -------- (None) > --- PROPULSION (3) --- Aluminum Leg Flexi-carbon Leg > --- UTILITY (6) ------ Large Storage Unit > --- WEAPON (2) ------- Plasma Cannon Advanced KE Penetrator > --- INVENTORY (15) --- Improved Ion Engine Large Storage Unit Large Storage Unit Beam Rifle Heavy Particle Cannon AWS/Autocannon Grenade Launcher Molecular Scythe Peak State ------------ > --- POWER ------------ Light Nuclear Core Improved Deuterium Engine > --- PROPULSION ------- Aluminum Leg Aluminum Leg Titanium Leg > --- UTILITY ---------- Improved Heat Sink Improved Heat Sink Large Storage Unit Large Storage Unit Targeting Computer > --- WEAPON ----------- Flak Gun Advanced KE Penetrator > --- INVENTORY -------- Improved Ion Engine Aluminum Leg Large Storage Unit Large Storage Unit Heavy EM Pulse Gun Beam Rifle Heavy Particle Cannon Heavy Particle Cannon Flak Gun AWS/Autocannon Grenade Launcher Grenade Launcher Molecular Scythe [Rating: 38] Favorites ----------- Power Ion Engine Engine Ion Engine Power Core Light Nuclear Core Propulsion Aluminum Leg Leg Aluminum Leg Utility Large Storage Unit Device Improved Heat Sink Storage Large Storage Unit Processor Targeting Computer Protection Light Armor Plating Weapon Heavy EM Pulse Gun Energy Gun Heavy EM Pulse Gun Energy Cannon Heavy Particle Cannon Ballistic Gun Flak Gun Launcher Grenade Launcher Slashing Weapon Molecular Scythe Build | -11 -10 -10 -10 -9 -8 -7 ------- Run | Scr Mat Min Exi Min Mat Fac Slots Evolved 6 | . . . . . 4 2 Power 1 | . . . . . . 1 Propulsion 1 | . . . . . 1 . Utility 4 | . . . . . 3 1 Weapon . | . . . . . . . Parts Attached 59 | . 8 2 3 . 22 24 Power 6 | . . . . . 1 5 Engine 2 | . . . . . . 2 Core 4 | . . . . . 1 3 Reactor . | . . . . . . . Propulsion 14 | . 2 . . . 7 5 Treads . | . . . . . . . Leg 14 | . 2 . . . 7 5 Wheel . | . . . . . . . Hover . | . . . . . . . Flight . | . . . . . . . Utility 15 | . 4 . . . 9 2 Device 6 | . . . . . 5 1 Storage 3 | . 3 . . . . . Processor 2 | . 1 . . . . 1 Hackware . | . . . . . . . Protection 4 | . . . . . 4 . Artifact . | . . . . . . . Weapon 24 | . 2 2 3 . 5 12 Energy Gun 9 | . 2 . 3 . 2 2 Energy Cannon 5 | . . . . . 3 2 Ballistic Gun 5 | . . . . . . 5 Ballistic Cannon . | . . . . . . . Launcher 3 | . . 2 . . . 1 Special Weapon . | . . . . . . . Impact Weapon . | . . . . . . . Slashing Weapon 2 | . . . . . . 2 Piercing Weapon . | . . . . . . . Special Melee Weapon . | . . . . . . . Unidentified Prototypes 3 | . . . . . . 3 Corrupted Parts 3 | . . . . . 2 1 System Corruption 11 | . . . . . 7 4 Parts Lost 21 | . . . . . 6 15 Power 2 | . . . . . . 2 Propulsion 5 | . . . . . 1 4 Utility 6 | . . . . . 2 4 Weapon 8 | . . . . . 3 5 Highest Loss Streak 13 | . . . . . 4 13 To Critical Strikes . | . . . . . . . Average Slot Usage (%) 95 | . 98 100 99 100 96 88 Engine 8 | . 14 14 14 14 2 2 Core 4 | . . . . . 6 10 Leg 25 | . 28 28 28 28 26 20 Device 6 | . . . . . 16 13 Storage 21 | . 25 28 28 28 18 14 Processor 1 | . . . . . . 6 Protection 3 | . . . . . 8 4 Energy Gun 13 | . 26 . 27 28 5 . Energy Cannon 4 | . . . . . 11 8 Ballistic Gun 1 | . 1 . . . . 5 Launcher 1 | . . 27 . . . . Naked Turns . | . . . . . . . Heaviest Build 68 | 12 51 51 51 51 62 68 Greatest Support 37 | 20 20 20 20 20 37 37 Greatest Overweight (x) 19 | . 2 2 2 2 2 19 Average Overweight (x) 1 | . 1 2 2 2 1 1 Largest Inventory Capacity 15 | 8 15 15 15 15 15 15 Average Capacity 14 | 8 14 15 15 15 15 15 Most Carried 15 | 6 13 13 15 15 15 15 Average Carried 13 | 4 10 13 14 15 14 13 Final Capacity 15 | 8 15 15 15 15 15 15 Final Carried 15 | 4 13 13 15 15 15 10 Class Distribution -------------------- 60% | Mutant 35% | Scavenger-Mutant Dominant Class ---------------- Mutant | -10/Materials Mutant | -10/Mines Mutant | -10/Exiles Mutant | -9/Mines Scavenger-Mutant | -8/Materials Scavenger-Mutant | -7/Factory Resources | -11 -10 -10 -10 -9 -8 -7 ----------- Run | Scr Mat Min Exi Min Mat Fac Matter Collected 1166 | 200 89 20 . 20 318 519 Remotely . | . . . . . . . Salvage Created 2369 | . 338 . . . 979 1052 Parts 122 | . 25 . . . 45 52 Haulers Intercepted . | . . . . . . . Recyclers Shooed 2 | . 1 . . . 1 . Parts Field Recycled . | . . . . . . . Retrieved Matter . | . . . . . . . Parts Self-Destructed . | . . . . . . . Prevented . | . . . . . . . Kills | -11 -10 -10 -10 -9 -8 -7 ------- Run | Scr Mat Min Exi Min Mat Fac Combat Hostiles Destroyed 57 | . 14 . . . 17 26 Guns 36 | . 11 . . . 9 16 Cannons 10 | . . . . . 6 4 AOE 8 | . 2 . . . 2 4 Classes Destroyed 9 | . 2 . . . 3 4 Builder 2 | . . . . . . 2 Watcher 1 | . . . . . 1 . Swarmer 12 | . 9 . . . . 3 Grunt 27 | . 5 . . . 10 12 Sentry 8 | . . . . . 4 4 Specialist 4 | . . . . . . 4 Hunter 4 | . . . . . 3 1 Programmer 1 | . . . . . . 1 Heavy 1 | . . . . . . 1 Best Kill Streak 8 | . 3 . . . 4 8 Combat Bots Only 7 | . 3 . . . 4 7 Max Kills in Single Turn 4 | . 1 . . . 2 4 Gunslinging . | . . . . . . . Exploded 4 | . 1 . . . 2 4 Melee . | . . . . . . . Uniques/NPCs Destroyed . | . . . . . . . Combat | -11 -10 -10 -10 -9 -8 -7 -------- Run | Scr Mat Min Exi Min Mat Fac Damage Taken 3194 | . 235 . . . 818 2141 Core 832 | . 15 . . . 83 734 Absorbed by Shields . | . . . . . . . Core Remaining (%) 92 | 100 . . . 94 84 . Volleys Fired 143 | . 24 . . . 50 69 Largest 2 | . 2 . . . 2 2 Hottest 150 | . 90 . . . 150 150 Shots Fired 253 | . 39 . . . 92 122 Gun 176 | . 39 . . . 54 83 Cannon 73 | . . . . . 38 35 Launcher 4 | . . . . . . 4 Special . | . . . . . . . Kinetic 92 | . 9 . . . . 83 Thermal 73 | . . . . . 38 35 Explosive 4 | . . . . . . 4 Electromagnetic 84 | . 30 . . . 54 . Robot Hit Streak 21 | . 10 . . . 21 19 Robot Miss Streak 5 | . 2 . . . 2 5 Penetration Max 1 | . . . . . . 1 Secondary Targets 4 | . 1 . . . 1 2 Max Gunslinging Chain 1 | . 1 . . . 1 1 Shots Hit Robots 210 | . 26 . . . 77 107 Core Hits 158 | . 14 . . . 31 113 Critical Kills 3 | . . . . . . 3 Critical Parts Destroyed 1 | . . . . . . 1 Critical Strikes 7 | . . . . . 3 4 Meltdown 1 | . . . . . . 1 Destroy 3 | . . . . . . 3 Corrupt 3 | . . . . . 3 . Melee Attacks . | . . . . . . . Impact . | . . . . . . . Slashing . | . . . . . . . Piercing . | . . . . . . . Sneak Attacks . | . . . . . . . Combat Hostiles . | . . . . . . . Follow-up Attacks . | . . . . . . . Damage Inflicted 5239 | . 517 . . . 1849 2873 Guns 3008 | . 393 . . . 716 1899 Cannons 1477 | . . . . . 775 702 Explosions 754 | . 124 . . . 358 272 Melee . | . . . . . . . Ramming . | . . . . . . . Kinetic 1952 | . 53 . . . . 1899 Thermal 1959 | . 124 . . . 1133 702 Explosive 272 | . . . . . . 272 Electromagnetic 1056 | . 340 . . . 716 . Impact . | . . . . . . . Slashing . | . . . . . . . Piercing . | . . . . . . . Highest Corruption 7 | . . . . . 7 5 Average Corruption 4 | . . . . . 6 4 Corruption Purged . | . . . . . . . Corruption Blocked . | . . . . . . . Effects 55 | . . . . . 23 32 Message Errors 12 | . . . . . 8 4 Matter Fused 14 | . . . . . 7 7 Heat Flow Errors 10 | . . . . . 5 5 Energy Discharges 8 | . . . . . 2 6 Data Loss (minor) 5 | . . . . . . 5 Data Loss (major) 2 | . . . . . . 2 Misfires 1 | . . . . . . 1 Alerts 2 | . . . . . . 2 Weapon Failures 1 | . . . . . 1 . Overload Shots . | . . . . . . . Overflow Damage . | . . . . . . . Projectiles . | . . . . . . . Explosions . | . . . . . . . Melee . | . . . . . . . Knockbacks . | . . . . . . . Impact . | . . . . . . . Kinetic . | . . . . . . . Secondary . | . . . . . . . Self-Inflicted Damage 3 | . 3 . . . . . Shots 1 | . 1 . . . . . Rammed . | . . . . . . . Targets Rammed . | . . . . . . . Kicked . | . . . . . . . Crushed . | . . . . . . . Highest Temperature 395 | . 228 . . . 395 330 Average Temperature 89 | . 71 . . . 99 88 Received Heat Transfer 1071 | . 84 . . . 441 546 Effects 5 | . . . . . 3 2 Shutdowns 1 | . . . . . 1 . Energy Bleed 1 | . . . . . . 1 Matter Decay 1 | . . . . . 1 . Damage (minor) 2 | . . . . . 1 1 Siege Activations . | . . . . . . . Robots Corrupted 1 | . 1 . . . . . Combat Hostiles 1 | . 1 . . . . . Parts Fried 4 | . . . . . 4 . Impact Corruptions . | . . . . . . . Robots Melted 2 | . . . . . . 2 Combat Hostiles 2 | . . . . . . 2 Parts Melted 7 | . . . . . 4 3 Heat Transferred 2861 | . 200 . . . 1547 1114 Parts Sabotaged . | . . . . . . . Parts Stolen . | . . . . . . . Parts Stripped . | . . . . . . . Power Chain Reactions 4 | . 2 . . . 2 . Missiles Intercepted . | . . . . . . . Alert | -11 -10 -10 -10 -9 -8 -7 ------- Run | Scr Mat Min Exi Min Mat Fac Peak Influence 318 | . 225 8 . . 300 318 Initial 40 | . . 8 . . . 40 Average 96 | . 119 8 . . 145 84 Maximum Alert Level 1 | . 1 . . . 1 1 Low Security (%) 85 | 100 77 100 . 100 72 94 Level 1 14 | . 22 . . . 27 5 Level 2 . | . . . . . . . Level 3 . | . . . . . . . Level 4 . | . . . . . . . Level 5 . | . . . . . . . High Security . | . . . . . . . Max Security . | . . . . . . . Squads Dispatched 11 | . 1 . . . 3 7 Investigation 2 | . 1 . . . . 1 Extermination 1 | . . . . . . 1 Reinforcement 8 | . . . . . 3 5 Assault . | . . . . . . . Garrison . | . . . . . . . Intercept . | . . . . . . . Searches Triggered . | . . . . . . . Construction Impeded . | . . . . . . . Haulers Reinforced 1 | . . . . . . 1 Active Scanning Responses . | . . . . . . . Cargo Convoy Interrupts 1 | . . . . . . 1 Stealth | -11 -10 -10 -10 -9 -8 -7 --------- Run | Scr Mat Min Exi Min Mat Fac Distress Signals 3 | . . . . . 2 1 Communications Jammed . | . . . . . . . Distress Signals . | . . . . . . . Times Spotted 72 | . 16 . . . 26 30 Peak Tracking Total 6 | . 3 . . . 6 5 Tactical Retreats 3 | . . . . . 1 2 Traps | -11 -10 -10 -10 -9 -8 -7 ------- Run | Scr Mat Min Exi Min Mat Fac Traps Triggered 1 | . 1 . . . . . Indirectly . | . . . . . . . Trap Hack Attempts . | . . . . . . . Triggered . | . . . . . . . Disarmed . | . . . . . . . Reprogrammed . | . . . . . . . Reused . | . . . . . . . Traps Extracted . | . . . . . . . Installed . | . . . . . . . Triggered 1 | . . . . . . 1 Machines | -11 -10 -10 -10 -9 -8 -7 ---------- Run | Scr Mat Min Exi Min Mat Fac Machines Disabled 2 | . 1 . . . 1 . Max in Single Turn 1 | . 1 . . . 1 . Machines Sabotaged . | . . . . . . . Garrisons Compromised 1 | . . . . . . 1 Overloaded Fab Kills . | . . . . . . . Hacking | -11 -10 -10 -10 -9 -8 -7 --------- Run | Scr Mat Min Exi Min Mat Fac Machines Accessed 5 | . 2 . 1 . 1 1 Terminals 4 | . 2 . . . 1 1 Fabricators . | . . . . . . . Repair Stations . | . . . . . . . Recycling Units . | . . . . . . . Scanalyzers . | . . . . . . . Garrison Access . | . . . . . . . Total Hacks 31 | . 5 . 23 . 2 1 Successful 26 | . 1 . 23 . 1 1 Failed 5 | . 4 . . . 1 . Catastrophic . | . . . . . . . Database Lockouts . | . . . . . . . Manual 7 | . 5 . 1 . 1 . Terminals 8 | . 5 . . . 2 1 Fabricators . | . . . . . . . Repair Stations . | . . . . . . . Recycling Units . | . . . . . . . Scanalyzers . | . . . . . . . Garrison Access . | . . . . . . . Terminal Hacks 24 | . . . 23 . . 1 Record 23 | . . . 23 . . . Open DSF 1 | . . . . . . 1 Fabricator Hacks . | . . . . . . . Repair Station Hacks . | . . . . . . . Recycling Unit Hacks . | . . . . . . . Scanalyzer . | . . . . . . . Garrison Access Hacks . | . . . . . . . Unauthorized Hacks 2 | . 1 . . . 1 . Terminals 2 | . 1 . . . 1 . Botnet 2 | . 1 . . . 1 . Fabricators . | . . . . . . . Repair Stations . | . . . . . . . Recycling Units . | . . . . . . . Scanalyzers . | . . . . . . . Garrison Access . | . . . . . . . Data Cores Recovered . | . . . . . . . Used . | . . . . . . . Hacking Detections 3 | . 2 . . . 1 . Full Trace Events . | . . . . . . . Feedback Events . | . . . . . . . Feedback Blocked . | . . . . . . . Robot Schematics Acquired . | . . . . . . . Robots Built . | . . . . . . . Authchips . | . . . . . . . Time . | . . . . . . . Total Robot Build Rating . | . . . . . . . Part Schematics Acquired . | . . . . . . . Parts Built . | . . . . . . . Authchips . | . . . . . . . Time . | . . . . . . . Total Part Build Rating . | . . . . . . . Parts Repaired . | . . . . . . . Time . | . . . . . . . Parts Recycled . | . . . . . . . Recycled Matter . | . . . . . . . Retrieved Matter . | . . . . . . . Retrieved Components . | . . . . . . . Parts Scanalyzed . | . . . . . . . Part Schematics Acquired . | . . . . . . . Parts Damaged . | . . . . . . . Bothacking | -11 -10 -10 -10 -9 -8 -7 ------------ Run | Scr Mat Min Exi Min Mat Fac Used RIF Installer . | . . . . . . . Robots Hacked . | . . . . . . . Non-combat . | . . . . . . . Combat . | . . . . . . . Robot Hacks Applied . | . . . . . . . Relay Couplers Released 2 | . . . . . . 2 Machine Destruction 2 | . . . . . . 2 Fabnet Peak Effective % . | . . . . . . . Robots Rewired . | . . . . . . . Allies Hacked . | . . . . . . . Hacks Repelled . | . . . . . . . Allies | -11 -10 -10 -10 -9 -8 -7 -------- Run | Scr Mat Min Exi Min Mat Fac Total Allies . | . . . . . . . Largest Group . | . . . . . . . Highest-Rated Group . | . . . . . . . Highest-Rated Ally . | . . . . . . . Total Orders . | . . . . . . . Ally Attacks . | . . . . . . . Total Damage . | . . . . . . . Kills . | . . . . . . . Allies Corrupted . | . . . . . . . Allies Melted . | . . . . . . . Intel | -11 -10 -10 -10 -9 -8 -7 ------- Run | Scr Mat Min Exi Min Mat Fac Robot Analysis Total . | . . . . . . . Derelict Logs Recovered 2 | . . 1 . 1 . . Drone Launches . | . . . . . . . Drone Recoveries . | . . . . . . . Exploration | -11 -10 -10 -10 -9 -8 -7 ------------- Run | Scr Mat Min Exi Min Mat Fac Turns Passed 4960 | 8 819 340 1234 214 1041 1304 Spaces Moved 1812 | 4 314 130 473 82 324 485 Core 20 | . . . . . . 20 Treads . | . . . . . . . Legs 1792 | 4 314 130 473 82 324 465 Wheels . | . . . . . . . Hover . | . . . . . . . Flight . | . . . . . . . Fastest Speed 120 | 120 120 260 260 260 190 190 Average Speed 235 | 120 229 260 260 260 237 204 Slowest Speed 1000 | 120 260 260 260 260 265 1000 Overloaded Moves . | . . . . . . . Propulsion Burnouts . | . . . . . . . Robots Hopped . | . . . . . . . Cave-ins Triggered . | . . . . . . . Exploration Rate (%) 33 | 2 40 33 88 32 22 15 Regions Visited 6 Branch Regions 3 Pre-discovered Areas 3 | . . 1 1 1 . . Known Exits Taken . | . . . . . . . Unknown Exits Taken 6 | 1 1 1 1 1 1 . Scrap Searched 1 | . . . . 1 . . Spaces Dug . | . . . . . . . Terrain Destroyed 27 | . 2 . . . 8 17 Melee . | . . . . . . . Projectile 7 | . . . . . 5 2 AOE 20 | . 2 . . . 3 15 Terrain Rammed . | . . . . . . . Walls Destroyed . | . . . . . . . Machines Disabled . | . . . . . . . Actions | -11 -10 -10 -10 -9 -8 -7 --------- Run | Scr Mat Min Exi Min Mat Fac Total 2260 | 9 376 132 478 84 504 677 Wait 190 | . 15 1 . 3 91 80 Move 1806 | 3 313 129 472 81 323 485 Hop . | . . . . . . . Pick Up 29 | 2 10 . 1 . 9 7 Fast Attach 11 | . 3 . 1 . 1 6 Attach 18 | . . . . . 10 8 Detach 2 | . . . . . 1 1 Swap 30 | . 5 2 2 . 11 10 Drop 31 | 4 6 . 2 . 8 11 Fire 143 | . 24 . . . 50 69 Melee . | . . . . . . . Ram . | . . . . . . . Kick . | . . . . . . . Crush . | . . . . . . . Escape Stasis . | . . . . . . . Rewire . | . . . . . . . Trap . | . . . . . . . Miscellaneous . | . . . . . . . Route ------- -11/Scrapyard -10/Materials -10/Mines (discovered 2 exits: [*Mat] / *Exi) -10/Exiles (discovered 2 exits: [*Min x2]) -9/Mines -8/Materials -7/Factory (discovered 1 exit: [*Low]) History --------- Turn | Location | Event 1 | -11/Scrapyard | Discovered new exit (range 2) 9 | -11/Scrapyard | Entered Materials 301 | -10/Materials | Build established: Mutant 669 | -10/Materials | Discovered new exit (range 15) 828 | -10/Materials | Entered Mines 829 | -10/Mines | Assembled infested the area 848 | -10/Mines | Discovered new exit (range 15) 1157 | -10/Mines | Discovered new exit (range 5) 1168 | -10/Mines | Entered Exiles 1210 | -10/Exiles | Discovered new exit (range 15) 1239 | -10/Exiles | Met 8R-AWN 1283 | -10/Exiles | Met EX-HEX 1372 | -10/Exiles | Met EX-BIN 1403 | -10/Exiles | Aligned with FarCom system 1405 | -10/Exiles | Given EX-Vault access code 1494 | -10/Exiles | Opened EX-Vault 1517 | -10/Exiles | Found Prototype Ballistic Cannon 1588 | -10/Exiles | Warned to stay clear of 0b10 Research branches 1653 | -10/Exiles | Met EX-DEC 1716 | -10/Exiles | Learned location of Zion (-6) 1818 | -10/Exiles | Visited The Gauntlet 2259 | -10/Exiles | Discovered new exit (range 11) 2402 | -10/Exiles | Left Exiles lab with AWS/Autocannon 2402 | -10/Exiles | Entered Mines 2603 | -9/Mines | Discovered new exit (range 5) 2616 | -9/Mines | Entered Materials 2616 | -8/Materials | Evolved 4 slots: Propulsion x1, Utility x3 2901 | -8/Materials | Lost 4 parts (1n1u2w) 3209 | -8/Materials | Discovered new exit (range 10) 3358 | -8/Materials | Build established: Scavenger-Mutant 3657 | -8/Materials | Entered Factory 3657 | -7/Factory | Evolved 2 slots: Power x1, Utility x1 4337 | -7/Factory | Cargo convoy interrupted 4688 | -7/Factory | Discovered new exit (range 16) 4725 | -7/Factory | Found Prototype Slashing Weapon 4822 | -7/Factory | Destroyed 7 combat bots 4825 | -7/Factory | Identified Molecular Scythe 4834 | -7/Factory | Core integrity fell below 50% 4887 | -7/Factory | Lost 13 parts (2p4n3u4w) 4911 | -7/Factory | Core integrity fell below 20% 4961 | -7/Factory | Destroyed by H-61 Shepherd with Heavy Assault Cannon Last Messages --------------- 04935_ U-05 Engineer builds a Wall. 04937_ K-01 Serf collects debris. 04938_ System corrupted: Matter fused (-10). 04941_ K-01 Serf collects debris. 04950_ Acquired Flexi-carbon Leg. 04955_ K-01 Serf collects debris. 04956_ System corrupted: FCS attempts to trigger Adv. KE Penetrator. 04956_ System corrupted: Adv. KE Penetrator misfires. 04956_ Slug penetrates H-61 Shepherd. 04956_ H-61 Shepherd calls for reinforcements. 04956_ ALERT: Hostile activity reported, dispatching reinforcements to area. 04956_ Penetrated by Slug. 04956_ Knocked back. 04957_ Acquired 48 matter. 04957_ R-06 Scavenger collects Weapon Cycler. 04959_ Acquired Aluminum Leg. 04960_ K-01 Serf collects debris. 04960_ U-05 Engineer builds a Wall. 04961_ R-06 Scavenger collects Wheel. Map ----- +----------------------------------------------------+ | ?????????????????????????????????????????????????? | | ?????????????????????????????????????????????????? | | ?????????????????????????????????????????????????? | | ?????????????????????????????????????????????????? | | ?????????????????????????????????????????????????? | | ?????????????????????????????????????????????????? | | ?????????????????????????????????????????????????? | | ?????????????????????????????????????????????????? | | ?????????????????????????????????????????????????? | | ?????????????????????????????????????????????????? | | ?????????????????????????????????????????????????? | | ?????????????????????????????????????????????????? | | ?????????????????????????????????????????????????? | | ???????????????????#########???##????????????????? | | ???????????????????# ?? #????????????????? | | ???????????????????# ?? #????????????????? | | ???????"???????????# """""" #????????????????? | | ???????? ??????????# """""" #????????????????? | | ??????"""??????????# """""" #????????????????? | | ???? """ ?????????# """""" #????????????????? | | ????? """ ?????????# tk #????????????????? | | ????? ????????# #????????????????? | | ??????""" ????????# %!"!" #????????????????? | | ??# """ ????#??# %![!*%G" #????????????????? | | ??+ """ ???#!]*# =% "! ##????###?? R????? | | ??? %#[[[/!# % @!=Hruu######### """???? | | ???? """ ################/### =# ????? | | ???? """ % % %%* %%[=%+#?????? | | ??# ! """ % % ^ %**%!%! ??? | | ??# % %%% ^ %! < !=[= ??? | | ??# ! =%* ??? | | ??# #?????? | | ??# % ########### ########### # ???? | | ??# #?????????# #??????????########???? ???? | | ??# % #?????????# #??????????????????????????? | | ??# ###########+##?????????????????????????? | | ??# # #?????????????????????????? | | ??# # #?????????????????????????? | | ??# # #?????????????????????????? | | ??# # ! #?????????????????????????? | | ??# # !! #?????????????????????????? | | ??#^ % # ! #?????????????????????????? | | ### % ^^%/[ * #?????????????????????????? | | # % % # #?????????????????????????? | | " # % # #?????????????????????????? | | " # # = #?????????????????????????? | | " # # #?????????????????????????? | | " # # #?????????????????????????? | | " # ##############?????????????????????????? | | " # #??????????????????????????????????????? | +----------------------------------------------------+ Best States ------------- Heat Dissipation 62 Energy Generation 25 Energy Capacity 350 Matter Stores 300 Matter Capacity 300 Sight Range 16 Terrain Scan Range 14 Terrain Scan Density 10 Armor Coverage 300 Resistance: KI 20 Resistance: TH 20 Resistance: EX 20 Resistance: EM 20 Resistance: I 20 Resistance: S 20 Resistance: P 20 Evasion (%) 55 Targeting Accuracy 6 Offensive Hacking 10 Item Schematics ----------------- None Robot Schematics ------------------ None Fabricated ------------ Nothing Alien Tech Used ----------------- None Achievements -------------- None Challenges ------------ None Game ------ Seed FireMissileProjector Manual? 0 Play Time 00:39:39 Cumulative 784.2 hours Start 2022.03.21 @ 22:14:07 End 2022.03.21 @ 23:00:09 Sessions 1 Manual Loads 0 Difficulty Adventurer Special Mode None Game No. 145 Rogue 1 Adventurer 144 Explorer 0 Win Type - Total 3 Types 3/0/0/0/0/0/0/0/0 Lore% 64 Gallery% 74 Achievement% 61 Wizard Run 0 Options --------- ASCII 0 Keyboard 0 Movement Mouse Keybinds 0 Fullscreen 0 Font 16/Smallcaps Map View 76x50 Tactical HUD 1 Map Filters NONE Filters NONE Steam 1 RUN: 1d1f6645-73ba-47be-b6c4-2c6808e2359d